 Dungeon Crawl Stone Soup version 0.25-a0-1079-g858b6a6ff6 (webtiles) character file.

Game seed: 3144995511575660951, levelgen mode: classic

394 Amnesiac the Sneak (level 6, -4/32 HPs)
             Began as a Vine Stalker Monk on May 16, 2020.
             Splashed by a jelly's acid (8 damage)
             ... on level 5 of the Dungeon.
             The game lasted 00:06:23 (2299 turns).

Amnesiac the Sneak (Vine Stalker Monk)              Turns: 2299, Time: 00:06:24

Health: -4/32      AC: -7    Str: 15    XL:     6   Next: 81%
Magic:  0/7        EV: 12    Int: 10    God:
Gold:   54         SH:  0    Dex: 17    Spells: 5/5 levels left

rFire    . . .     SeeInvis .   a - +0 short sword
rCold    . . .     Gourm    .   (no shield)
rNeg     . . .     Faith    .   f - +0 ring mail
rPois    .         Spirit   +   (no helmet)
rElec    .         Reflect  .   (no cloak)
rCorr    .         Harm     .   (no gloves)
MR       .....                  (no boots)
Stlth    +++.......             e - amulet of the acrobat
HPRegen  0.50/turn              (no ring)
MPRegen  0.10/turn              (no ring)

@: corroded
A: fangs 2, regeneration 1, magic shield, antimagic bite, no potion heal 3, rot
immunity
a: no special abilities


You were on level 5 of the Dungeon.
You were not hungry.

You visited 1 branch of the dungeon, and saw 5 of its levels.
You also visited: Ossuary.

You collected 54 gold pieces.

Inventory:

Hand Weapons
 a - a +0 short sword (weapon)
Armour
 f - a +0 ring mail (worn)
 s - a cursed +0 pair of gloves
Jewellery
 e - an amulet of the acrobat (around neck)
Scrolls
 h - a scroll of amnesia {!r, unknown}
 j - a scroll of fog {!r, unknown}
 k - a scroll of enchant armour {!r, unknown}
 l - 6 scrolls of identify {!r, unknown}
 n - a scroll of immolation {!r, unknown}
 p - a scroll of magic mapping {!r, unknown}
Potions
 b - a potion of mutation {!q, unknown}
 c - 3 potions of might {!q, unknown}
 d - a potion of lignification {!q, unknown}
 i - a potion of resistance {!q, unknown}
 m - 2 potions of ambrosia {!q, unknown}
 o - a potion of berserk rage {!q, unknown}
 q - a potion of degeneration {!q, unknown}
Comestibles
 r - 2 rations
 t - a chunk of flesh


   Skills:
 - Level 3.0 Fighting
 * Level 5.5 Short Blades
 - Level 2.5 Dodging
 + Level 5.6 Stealth


You had 5 spell levels left.
You didn't know any spells.
Your spell library was empty.

Dungeon Overview and Level Annotations

Branches:
Dungeon (5/15)            Ossuary (visited)
 Temple: D:4-7

Altars:


Innate Abilities, Weirdness & Mutations

You have extremely sharp teeth.
Your natural rate of healing is unusually fast.
When hurt, damage is shared between your health and your magic reserves.
Your bite disrupts and absorbs the magic of your enemies.
Potions cannot restore your health.
You are immune to rotting.


Message History

Throwing (i - inventory)
g - 3 poisoned darts (quivered)
Press: ? - help, Shift-Dir - straight line, f - adder skeleton
Aim: an adder skeleton (dormant)
You throw a poisoned dart.
The poisoned dart hits the adder skeleton.
There are monsters nearby!
Throwing (i - inventory)
g - 2 poisoned darts (quivered)
Press: ? - help, Shift-Dir - straight line, f/p - adder skeleton
Aim: an adder skeleton You throw a poisoned dart.
The poisoned dart barely misses the adder skeleton.
You hit the adder skeleton. You bite the adder skeleton. You drain its power.
The adder skeleton is heavily damaged.
The adder skeleton bites you.
You hit the adder skeleton. You bite the adder skeleton. You drain its power.
The adder skeleton is severely damaged.
The adder skeleton closely misses you.
You hit the adder skeleton. You bite the adder skeleton.
You destroy the adder skeleton!
No target in view!
Found a stone staircase leading up.
Throwing (i - inventory)
g - a poisoned dart (quivered)
Press: ? - help, Shift-Dir - straight line, f - jelly
Aim: a jelly (asleep)
You throw a poisoned dart. The poisoned dart hits the jelly.
The jelly is poisoned.
The jelly quivers.
You see here 2 poisoned darts.
The jelly barely misses you.
Found a scroll labeled RERIN WULITO and an orange potion.
There is a stone staircase leading down here.
You hit the jelly.
Your hands burn!
The jelly is lightly wounded.
The jelly closely misses you.
You hit the jelly. The acid corrodes you!
Your hands burn!
You bite the jelly. You drain its power.
You feel invigorated.
The jelly is heavily wounded.
The jelly closely misses you.
You barely miss the jelly.
The jelly is heavily wounded.
The jelly hits you. The acid corrodes you!
You are splashed with acid!
You hit the jelly but do no damage.
Your hands burn!
* * * LOW HITPOINT WARNING * * *
You bite the jelly, but do no damage.
The jelly is heavily wounded.
The jelly looks more healthy.
The jelly misses you.
You hit the jelly but do no damage. The acid corrodes you!
Your hands burn!
* * * LOW HITPOINT WARNING * * *
The jelly is heavily wounded.
The jelly completely misses you.
You see here 2 poisoned darts.
Things that are here:
3 poisoned darts; a dart slug corpse You see here 21 gold pieces.
An ogre comes into view. It is wielding a +0 giant club.
The ogre shouts!
The ogre hits you with a +0 giant club!
* * * LOW HITPOINT WARNING * * *
You hit the ogre but do no damage.
Unknown command.
You hit the ogre but do no damage. The jelly hits you.
* * * LOW HITPOINT WARNING * * *
You are splashed with acid!
You die...

##.##### ##
..#....O@#
+.
..######J#
..#.#<...$.#
#.#.#..#####
#...#..#
###.!#(.#
.##...?#(.#
.......>..#
.#....(...#


You could see an ogre and a jelly.

Vanquished Creatures
  Menkaure (Ossuary)
  A phantom (D:4)
  A scorpion (D:4)
  An iguana (D:4)
  3 mummies (Ossuary)
  An adder (D:4)
  An ooze (D:4)
  An adder skeleton (D:5)
  2 dart slugs
  A leopard gecko (D:4)
  2 orcs (D:4)
  4 gnoll zombies (Ossuary)
  4 jackals (D:4)
  2 quokkas (D:4)
  A frilled lizard (D:4)
  6 gnoll skeletons (Ossuary)
  5 goblin skeletons (Ossuary)
  5 goblin zombies
  6 hobgoblin skeletons (Ossuary)
  6 hobgoblin zombies (Ossuary)
  A kobold (D:1)
  2 kobold skeletons (Ossuary)
  A kobold zombie (Ossuary)
  4 orc skeletons (Ossuary)
  6 orc zombies (Ossuary)
  2 rat skeletons (Ossuary)
  5 rat zombies
75 creatures vanquished.

Notes
Turn   | Place    | Note
-------+----------+-------------------------------------------
     0 | D:1      | Amnesiac the Vine Stalker Monk began the quest for the Orb.
     0 | D:1      | Reached XP level 1. HP: 11/11 MP: 2/2
   227 | D:4      | Noticed an iguana
   234 | D:4      | Reached XP level 2. HP: 16/16 MP: 3/3
   261 | D:5      | Entered Level 5 of the Dungeon
   597 | D:4      | Reached XP level 3. HP: 20/20 MP: 4/4
   681 | D:4      | Noticed a scorpion
   683 | D:4      | Found a sand-covered staircase.
   693 | D:4      | Killed a scorpion
   693 | D:4      | Gained mutation: Your natural rate of healing is unusually
                  | fast. [Vine Stalker growth]
   693 | D:4      | Reached XP level 4. HP: 19/24 MP: 3/5
   710 | Ossuary  | Entered an ossuary
  1181 | Ossuary  | Reached XP level 5. HP: 11/28 MP: 2/6
  1289 | Ossuary  | Noticed Menkaure
  1315 | Ossuary  | Killed Menkaure
  1315 | Ossuary  | Reached skill level 5 in Short Blades
  1315 | Ossuary  | Reached skill level 5 in Stealth
  1315 | Ossuary  | Reached XP level 6. HP: 15/32 MP: 3/7
  1580 | D:4      | Noticed a phantom
  1641 | D:4      | Killed a phantom
  2299 | D:5      | Splashed by a jelly's acid

Illustrated notes

Levels and vault maps discovered:
D:1:      nicolae_arrival_memento_mori, layout_basic
D:2:      layout_rooms, lemuel_doored_altar
D:3:      layout_basic, ebering_ghost_inner_flame, roderic_malta_cross,
          uniq_jessica
D:4:      layout_basic, enter_ossuary_4, first_ration
D:5:      layout_basic, minmay_temple_entry_wispy, uniq_sigmund

Skill      XL: |  1  2  3  4  5 |
---------------+----------------+-----
Short Blades   | 3 4 5 |  5.5
Stealth        | 3 4 5 |  5.6
Fighting       | 3 |  3.0
Dodging        | |  2.5

Action                   |  1- 3 |  4- 6 || total
-------------------------+-------+-------++-------
Melee: Short sword       |    54 |   236 ||   290
       Bite              |    18 |    85 ||   103
Throw: Dart              |     5 |    47 ||    52
  Use: Scroll            |     1 |       ||     1
 Stab: Sleeping          |     2 |     3 ||     5
       Distracted        |     1 |       ||     1
  Eat: Ration            |       |     1 ||     1
       Chunk             |       |     1 ||     1
Armor: Ring mail         |    10 |    25 ||    35
Dodge: Dodged            |    33 |    75 ||   108

Table legend:
 A = Non-vault XP
 B = Vault XP
 C = Vault XP percentage of total XP
 D = Non-vault monster count
 E = Vault monster count
 F = Vault count percentage of total count
                 A         B        C        D         E       F
            +---------+---------+-------+---------+---------+-------
      Total |     291 |     272 |  48.3 |      19 |      55 |  74.3
            +---------+---------+-------+---------+---------+-------
        D:1 |       1 |       0 |   0.0 |       1 |       0 |   0.0
        D:4 |     281 |       2 |   0.7 |      16 |       2 |  11.1
        D:5 |       9 |       0 |   0.0 |       2 |       0 |   0.0
    Ossuary |       0 |     270 | 100.0 |       0 |      53 | 100.0
            +---------+---------+-------+---------+---------+-------
